 Dungeon Crawl Stone Soup version 0.19-a0-684-gf760df0 (webtiles) character file.

1146 Laraso the Cleaver (level 8, 0/64 HPs)
             Began as a Hill Orc Fighter on June 18, 2016.
             Was a Follower of Makhleb.
             Slain by tedric's ghost (5 damage)
             ... on level 5 of the Dungeon.
             The game lasted 00:07:52 (4714 turns).

Laraso the Cleaver (Hill Orc Fighter)               Turns: 4714, Time: 00:07:53

Health: 0/64       AC:  8    Str: 20    XL:     8   Next: 38%
Magic:  12/12      EV:  9    Int:  8    God:    Makhleb [*.....]
Gold:   182        SH:  0    Dex: 15    Spells: 0 memorised, 7 levels left

rFire  . . .     SeeInvis .     a - +0 battleaxe
rCold  . . .     Gourm    .     p - +0 scale mail
rNeg   . . .     Faith    .     (shield currently unavailable)
rPois  .         Spirit   .     (no helmet)
rElec  .         Dismiss  .     (no cloak)
rCorr  .         Reflect  .     c - +0 pair of gloves
SustAt .         Harm     .     (no boots)
MR     .....                    (no amulet)
Stlth  ..........               (no ring)
                                j - +4 ring of dexterity

@: lethally poisoned (0 -> -22), not resistant to hostile enchantments,
extremely unstealthy
A: no striking features
a: Renounce Religion


You were on level 5 of the Dungeon.
You worshipped Makhleb.
Makhleb was aware of your devotion.
You were not hungry.

You visited 1 branch of the dungeon, and saw 5 of its levels.

You collected 182 gold pieces.

Inventory:

Hand Weapons
 a - a +0 battleaxe (weapon)
 b - a +0 blowgun
Missiles
 d - 26 poisoned needles
 s - a curare-tipped needle
Armour
 c - a +0 pair of gloves (worn)
 p - a +0 scale mail (worn)
Jewellery
 j - a +4 ring of dexterity (left hand)
Scrolls
 e - 4 scrolls of remove curse
 m - 2 scrolls of magic mapping
 o - 2 scrolls of amnesia
Potions
 k - a potion of invisibility
 l - 2 potions of magic
Comestibles
 f - 3 bread rations
 g - 5 fruits
 h - a slice of pizza
 i - 4 meat rations
 n - a beef jerky
 q - 2 chunks of flesh


   Skills:
 - Level 3.6 Fighting
 * Level 11.0 Axes
 - Level 3.2 Armour
   Level 3.2 Shields
 + Level 6.2 Invocations


You had 7 spell levels left.
You didn't know any spells.

Dungeon Overview and Level Annotations

Branches:
Dungeon (5/15)
 Temple: D:4-7

Altars:
Kikubaaqudgha
Makhleb
Uskayaw
Xom

Annotations:
D:5 Menkaure; tedric's ghost, novice NaVM


Message History

You are more poisoned.
Tedric's ghost hits you but does no damage.
Tedric's ghost points at you and mumbles some strange words.
The sting hits you!
You are more poisoned.
You take 3 damage, and have 32/64 hp.
Unknown command.
You barely miss tedric's ghost.
You feel sick.
* * * LOW HITPOINT WARNING * * *
You are more poisoned.
Tedric's ghost tries to blend into its surroundings.
Tedric's ghost hits you.
* * * LOW HITPOINT WARNING * * *
You take 3 damage, and have 29/64 hp.
Unknown command.
You closely miss tedric's ghost.
You feel sick.
* * * LOW HITPOINT WARNING * * *
You are more poisoned.
* * * LOW HITPOINT WARNING * * *
You are more poisoned.
Tedric's ghost hits you.
* * * LOW HITPOINT WARNING * * *
You miss tedric's ghost.
You feel sick.
* * * LOW HITPOINT WARNING * * *
You are lethally poisoned!
Tedric's ghost hits you but does no damage.
You take 10 damage, and have 19/64 hp.
Okay, then.
You aren't carrying any items that you can evoke.
Unknown command.
Okay, then.
You closely miss tedric's ghost.
* * * LOW HITPOINT WARNING * * *
You feel very sick.
* * * LOW HITPOINT WARNING * * *
You are more poisoned.
Tedric's ghost's toxic aura wanes.
Tedric's ghost hits you but does no damage.
You take 5 damage, and have 14/64 hp.
You barely miss tedric's ghost.
* * * LOW HITPOINT WARNING * * *
You feel sick.
Tedric's ghost hits you but does no damage.
You take 1 damage, and have 13/64 hp.
You miss tedric's ghost.
* * * LOW HITPOINT WARNING * * *
You feel sick.
Tedric's ghost mumbles some strange words.
Tedric's ghost begins to radiate toxic energy.
Unknown command.
You take 2 damage, and have 11/64 hp.
You closely miss tedric's ghost.
* * * LOW HITPOINT WARNING * * *
You feel sick.
* * * LOW HITPOINT WARNING * * *
You are more poisoned.
Tedric's ghost hits you.
* * * LOW HITPOINT WARNING * * *
Tedric's ghost hits you.
You die...

#.. #.# ... #.# ## ..
#.# . ..#.#.# .#.#. '..
#W# #.# ### #@# #.# ...
#.# ... ..# #.# #.#
#.#######.# #.#
#.##......# #.#
#.##.######
####.###.##.#....####
.....................
###########[#.##+######


You could see tedric's ghost.

Vanquished Creatures
  The ghost of Thrkk the Skirmisher, an amateur DsWn (D:4)
  Duvessa (D:5)
  A phantom (D:3)
  An ogre (D:4)
  A centaur (D:4)
  Blork the orc (D:4)
  Dowan (D:5)
  2 scorpions
  2 crimson imps
  A giant frog zombie (D:5)
  A hound (D:4)
  Jessica (D:2)
  2 orc wizards
  2 worker ants
  A howler monkey zombie (D:5)
  5 adders
  A worm (D:2)
  5 giant geckos
  6 orcs
  2 giant cockroaches
  12 goblins
  3 hobgoblins
  7 jackals
  7 kobolds
  A quokka (D:3)
  A ball python (D:4)
  7 bats
  2 giant newts
  3 rats
81 creatures vanquished.

Notes
Turn   | Place    | Note
--------------------------------------------------------------
     0 | D:1      | Laraso the Hill Orc Fighter began the quest for the Orb.
     0 | D:1      | Reached XP level 1. HP: 19/19 MP: 1/1
    35 | D:1      | Reached skill level 3 in Axes
   188 | D:1      | Reached XP level 2. HP: 26/26 MP: 2/2
   592 | D:1      | Reached skill level 4 in Axes
   730 | D:2      | Noticed Jessica
   733 | D:2      | HP: 9/26 [Jessica/nerve-wracking pain (3)]
   744 | D:2      | HP: 6/26 [Jessica/nerve-wracking pain (4)]
   761 | D:2      | HP: 4/26 [Jessica (3)]
   762 | D:2      | Killed Jessica
   762 | D:2      | Reached skill level 5 in Axes
   762 | D:2      | Reached XP level 3. HP: 5/31 MP: 3/3
  1548 | D:2      | Reached XP level 4. HP: 33/39 MP: 4/4
  1654 | D:3      | Found a burning altar of Makhleb.
  1657 | D:3      | Found a shimmering altar of Xom.
  1666 | D:3      | Reached skill level 6 in Axes
  1672 | D:3      | Became a worshipper of Makhleb the Destroyer
  1976 | D:3      | Reached skill level 1 in Invocations
  1976 | D:3      | Reached XP level 5. HP: 45/45 MP: 5/5
  2125 | D:3      | Reached skill level 2 in Invocations
  2339 | D:4      | Reached * piety under Makhleb
  2350 | D:4      | Found a hide-covered altar of Uskayaw.
  2396 | D:4      | Noticed Thrkk's ghost (amateur DsWn)
  2402 | D:4      | Noticed a phantom
  2408 | D:3      | Reached skill level 7 in Axes
  2458 | D:3      | Killed a phantom
  2458 | D:3      | Reached skill level 3 in Invocations
  2458 | D:3      | Reached XP level 6. HP: 36/51 MP: 6/8
  2552 | D:4      | Noticed Blork the orc
  3011 | D:4      | HP: 17/51 [Blork the orc/battleaxe (11)]
  3016 | D:4      | Killed Blork the orc
  3016 | D:4      | Reached skill level 8 in Axes
  3020 | D:4      | HP: 13/51 [hound (5)]
  3368 | D:4      | Reached skill level 4 in Invocations
  3368 | D:4      | Reached XP level 7. HP: 29/57 MP: 8/10
  3745 | D:4      | Reached skill level 9 in Axes
  4066 | D:4      | Killed Thrkk's ghost
  4066 | D:4      | Reached skill level 10 in Axes
  4066 | D:4      | Reached skill level 5 in Invocations
  4255 | D:5      | Entered Level 5 of the Dungeon
  4255 | D:5      | Noticed Duvessa
  4255 | D:5      | Noticed Dowan
  4271 | D:5      | Killed Duvessa
  4271 | D:5      | Reached XP level 8. HP: 55/64 MP: 12/12
  4275 | D:5      | Killed Dowan
  4292 | D:5      | Found an ancient bone altar of Kikubaaqudgha.
  4303 | D:5      | Reached skill level 6 in Invocations
  4411 | D:5      | Reached skill level 11 in Axes
  4461 | D:5      | Noticed Menkaure
  4694 | D:5      | Noticed tedric's ghost (novice NaVM)
  4709 | D:5      | HP: 24/64 [tedric's ghost/Olgreb's Toxic Radiance (2)]
  4713 | D:5      | HP: 11/64 [poisoned by tedric's ghost (toxic radiance)]
  4714 | D:5      | HP: 5/64 [tedric's ghost (3)]
  4714 | D:5      | Slain by tedric's ghost

Vault maps used:
D:1:      saegor_arrival_simple_c, dk_noncrumbling_4
D:2:      uniq_jessica
D:3:      grunt_temple_overflow_champion_of_chaos, feat_on_display
D:4:      eat_drink_and_be_merry_uskayaw, first_bread, uniq_blork_the_orc
D:5:      grunt_temple_overflow_holy_war, grunt_temple_overflow_gold_and_silver,
          basic_altar, kennysheep_windowed_goal, uniq_menkaure, uniq_duvessa

Skill      XL: |  1  2  3  4  5  6  7  8 |
---------------+-------------------------+-----
Axes           | 3 5 6 7 8 10 11 | 11.0
Invocations    | 1 3 4 5 6 |  6.2
Fighting       | |  3.6
Armour         | |  3.2
Shields        | |  3.2

Action                   |  1- 3 |  4- 6 |  7- 9 || total
-------------------------+-------+-------+-------++-------
Melee: War axe           |    82 |   136 |       ||   218
       Battleaxe         |       |     5 |    75 ||    80
 Fire: Blowgun           |       |     3 |    13 ||    16
  Use: Scroll            |     6 |     3 |     2 ||    11
       Potion            |       |     3 |     2 ||     5
  Eat: Chunk             |     2 |     6 |     5 ||    13
Armor: Scale mail        |    26 |    55 |    23 ||   104
Dodge: Dodged            |    20 |    31 |    35 ||    86
Block: Shield            |    32 |    69 |       ||   101

Table legend:
 A = Kills in this place as a percentage of kills in entire the game.
 B = Kills by you in this place as a percentage of kills by you in the entire game.
 C = Kills by friends in this place as a percentage of kills by friends in the entire game.
 D = Other kills in this place as a percentage of other kills in the entire game.
 E = Experience gained in this place as a percentage of experience gained in the entire game.
 F = Experience gained in this place divided by the number of levels of this place that you have seen.
                   A       B       C       D       E      F
               +-------+-------+-------+-------+-------+----------------------
         Total | 100.0 | 100.0 |  -nan |  -nan | 100.0 | 327.6
       Dungeon | 100.0 | 100.0 |  -nan |  -nan | 100.0 | 327.6
               +-------+-------+-------+-------+-------+----------------------

Table legend:
 A = Turns spent in this place as a percentage of turns spent in the entire game.
 B = Non-inter-level travel turns spent in this place as a percentage of non-inter-level travel turns spent in the entire game.
 C = Inter-level travel turns spent in this place as a percentage of turns spent in this place.
 D = Turns resting spent in this place as a percentage of non-inter-level travel turns spent in this place.
 E = Turns spent auto-exploring this place as a percentage of non-inter-level travel turns spent in this place.
 F = Non-inter-level travel turns spent in this place divided by the number of levels of this place that you've seen.
                   A       B       C       D       E      F
               +-------+-------+-------+-------+-------+----------------------
         Total | 100.0 | 100.0 |   0.9 |   2.2 |   8.8 | 304.0
       Dungeon | 100.0 | 100.0 |   0.9 |   2.2 |   8.8 | 304.0
               +-------+-------+-------+-------+-------+----------------------

Vault maps used:
D:1:      saegor_arrival_simple_c, dk_noncrumbling_4
D:2:      uniq_jessica
D:3:      grunt_temple_overflow_champion_of_chaos, feat_on_display
D:4:      eat_drink_and_be_merry_uskayaw, first_bread, uniq_blork_the_orc
D:5:      grunt_temple_overflow_holy_war, grunt_temple_overflow_gold_and_silver,
          basic_altar, kennysheep_windowed_goal, uniq_menkaure, uniq_duvessa
